 Dungeon Crawl Stone Soup version 0.28.0-53-g5a82cb258f (webtiles) character file.

Game seed: 2341618503906269337

28020 unlimited1921 the Thaumaturge (level 13, -37/74 (81) HPs)
             Began as a Djinni Fire Elementalist on Aug 3, 2022.
             Was a Priest of Fedhas.
             Killed from afar by a jorogumo (49 damage)
             ... with a bolt of negative energy
             ... on level 1 of the Spider Nest on Aug 4, 2022.
             The game lasted 01:55:11 (27323 turns).

unlimited1921 the Thaumaturge (DjFE)               Turns: 27323, Time: 01:55:11

HP:   -37/74 (81)   AC:  9    Str:  7    XL:     13   Next: 70%
Gold: 463           EV: 11    Int: 28    God:    Fedhas [***...] SH:  9 Dex: 12

rFire   + + +      SeeInvis .   c - +10 dagger "Qyoxtar" {flame, rElec rF+ Dex-2}
rCold   . . .      Faith    .   g - +0 kite shield
rNeg    . . .      Spirit   .   G - +0 steam dragon scales
rPois   ∞          Reflect  .   (no helmet)
rElec   +          Harm     .   I - +2 cloak
rCorr   .          Rampage  .   (no gloves)
Will    +....                   (boots unavailable)
Stlth   +++.......              (no amulet)
HPRegen 0.22/turn               i - ring of protection from cold
MPRegen 0.00/turn               a - +6 ring of intelligence

@: flying, drained
A: sickness immunity, fire resistance 2, cold vulnerability 1, float, innate
caster, HP casting, extra vitality 1
a: Renounce Religion, Wall of Briars, Grow Ballistomycete


You were on level 1 of the Spider Nest.
You worshipped Fedhas.
Fedhas was most pleased with you.
You visited 4 branches of the dungeon, and saw 12 of its levels.

You collected 861 gold pieces.
You spent 398 gold pieces at shops.

Inventory:

Hand Weapons
 c - the +10 dagger "Qyoxtar" (weapon) {flame, rElec rF+ Dex-2}
   (You found it on level 6 of the Dungeon)

   It burns those it strikes, dealing additional fire damage.
   Dex:       It affects your dexterity (-2).
   rF:        It protects you from fire.
   rElec:     It insulates you from electricity.
 r - a +1 falchion of flaming
 x - a +2 hand axe of draining
 y - a +2 hand axe of distortion
 F - a +1 glaive of draining
 H - a +2 quarterstaff of chaos
 J - a +0 mace of venom
 L - a +2 falchion of protection
 S - the +14 obsidian axe {vorpal, Mesm Drain Fly SInv}
   (You found it on level 1 of the Lair of Beasts)

   It inflicts extra damage upon your enemies.
   It occasionally summons demons to assist the wielder when it strikes in
   combat.
   Its wielder is mesmerised by any visible foes.
   It cannot be unequipped while any foes are visible.
   SInv:      It lets you see invisible.
   Fly:       It grants you flight.
   Drain:     It drains your maximum health when unequipped.
Missiles
 b - 376 stones
 f - 6 atropa-tipped darts
 l - 81 sling bullets
 o - 9 poisoned darts
 t - 7 javelins
 v - 2 curare-tipped darts
 B - 4 boomerangs of dispersal
 K - 74 bolts
Armour
 g - a +0 kite shield (worn)
 G - +0 steam dragon scales (worn)
 I - a +2 cloak (worn)
Jewellery
 a - a +6 ring of intelligence (right hand)
 i - a ring of protection from cold (left hand)
Wands
 w - a wand of iceblast (11)
 z - a wand of polymorph (7)
 O - a wand of acid (10) (quivered)
 P - a wand of charming (3)
Scrolls
 e - 4 scrolls of immolation
 j - 2 scrolls of enchant armour
 k - 2 scrolls of enchant weapon
 m - 2 scrolls of teleportation
 p - 4 scrolls of magic mapping
 q - a scroll of noise {unknown}
 s - 2 scrolls of holy word {unknown}
 u - 3 scrolls of amnesia {unknown}
 D - 2 scrolls of silence
 M - a scroll of fog
 N - a scroll of blinking
 Q - a scroll of acquirement {unknown}
Potions
 d - 3 potions of haste
 h - a potion of cancellation
 n - a potion of heal wounds
 A - 2 potions of curing
 C - a potion of might
 E - a potion of degeneration {unknown}
 R - 2 potions of mutation {unknown}
 T - 2 potions of ambrosia {unknown}


   Skills:
 + Level 3.0 Fighting
 + Level 1.2(1.7) Short Blades
 + Level 1.6(1.9) Long Blades
 + Level 3.4 Throwing
 + Level 4.7 Armour
 + Level 4.6 Dodging
 + Level 4.5 Stealth
 + Level 5.3 Shields
 + Level 14.3 Spellcasting
 * Level 5.9 Invocations
 + Level 0.3 Evocations


You had 9 spell levels left.
You knew the following spells:

 Your Spells              Type           Power      Damage    Failure   Level
a - Foxfire               Conj/Fire      100%       2x1d9     1%          1
b - Scorch                Fire           100%       2d10      1%          2
c - Conjure Flame         Conj/Fire      79%        6-21      1%          3
d - Inner Flame           Hex/Fire       79%        N/A       1%          3
e - Flame Wave            Conj/Fire      79%        2d14      1%          4
f - Magic Dart            Conj           100%       1d8       1%          1
g - Passwall              Tmut/Erth      65%        N/A       1%          2
h - Static Discharge      Conj/Air       79%        N/A       1%          2
i - Confusing Touch       Hex            79%        N/A       1%          3
j - Lee's Rapid Deconstr  Erth           39%        3d20*     1%          5
k - Iskenderun's Battles  Conj           79%        2d13      1%          5
Your spell library was empty.

Dungeon Overview and Level Annotations

Branches:
Dungeon (8/15)             Temple (1/1) D:7            Lair (2/6) D:8
  Swamp (0/4) Lair:2       Spider (1/4) Lair:2

Altars:
Ashenzari
Cheibriados
Dithmenos
Elyvilon
Fedhas
Gozag
Hepliaklqana
Kikubaaqudgha
Makhleb
Nemelex Xobeh
Okawaru
Qazlal
Ru
Sif Muna
Trog
Uskayaw
Vehumet
Wu Jian
Xom
Yredelemnul
Zin

Shops:
D:2 (*?   D:4 :


Innate Abilities, Weirdness & Mutations

You are immune to sickness and miasma.
You are immune to poison.
Your flesh is very heat resistant. (rF++)
You are vulnerable to cold. (rC-)
You float through the air rather than walking.
You learn spells naturally, not from books.
Your magical power is your life essence.
You have superior vitality. (+4 MHP)


Message History

The blast of rock fragments hits the jorogumo!!
The jorogumo is severely wounded.
Fedhas protects your plant from harm.
* * * LOW HITPOINT WARNING * * *
The jorogumo hits your briar patch!
You fly carefully through the plants.
The jorogumo is struck by your briar patch's thorns.
The jorogumo hits your briar patch. The jorogumo hits your briar patch!
Your briar patch is destroyed!
Your briar patch disappears in a puff of smoke!
A jumping spider comes into view.
Casting: Lee's Rapid Deconstruction (dangerous; 1% risk of failure)
Confirm with . or Enter, or press ? or * to list all spells.
Aiming: Lee's Rapid Deconstruction (dangerous; 1% risk of failure)
Press: ? - help, Dir - move target A rock wall.
The wall shatters!
The blast of rock fragments hits the jumping spider!!!
You kill the jumping spider!
Fedhas appreciates your contribution to the ecosystem.
* * * LOW HITPOINT WARNING * * *
Casting: Lee's Rapid Deconstruction (dangerous; 1% risk of failure)
Confirm with . or Enter, or press ? or * to list all spells.
Aiming: Lee's Rapid Deconstruction (dangerous; 1% risk of failure)
Press: ? - help, Dir - move target A rock wall.
The wall shatters!
The blast of rock fragments hits the jorogumo.
The jorogumo is almost dead.
Fedhas protects your plant from harm. x2
* * * LOW HITPOINT WARNING * * *
The jorogumo casts a spell at you.
The bolt of negative energy hits your briar patch!!
Your briar patch is drained!
Your briar patch is destroyed!
Your briar patch disappears in a puff of smoke!
The bolt of negative energy hits you!!!
You feel drained.
Ouch! That really hurt!
You die...
Fedhas appreciates your contribution to the ecosystem.

#.^..## ###....### .
##.....###.#. ###
##.#..#..##... #.##
.#...##...#..# ###..##
....####.†#..###.....#
#..#.#....#.†#.#..##.#
##.......###.....#####
.#^#^##...#...#.@##.##
.#####..##..####§P...#
## ##..#.##..#HP...#
P### ..^###^#..#P.####
.#.###........##...#
.P.#..... ##^.#..##
^B.##..### #..#..##
..°#.....###..#..#
#..## #...HP#...##


You could see a jorogumo (ally target).

Vanquished Creatures
  2 entropy weavers (Spider:1)
  A hydra (Lair:1)
  3 orb spiders (Spider:1)
  A bog body (Lair:2)
  The ghost of turdburglar the Skirmisher, a novice HOFi (D:5)
  5 wolf spiders
  Maurice (D:8)
  3 black mambas (Lair:1)
  2 rime drakes
  Maggie (D:6)
  A demonic crawler (Spider:1)
  5 cane toads
  2 komodo dragons (Lair:2)
  A troll (D:8)
  6 meliai (Spider:1)
  6 tarantellas (Spider:1)
  Prince Ribbit (D:5)
  The ghost of Hgog the Gusty, an amateur DrAE of Kikubaaqudgha (D:6)
  Grinder (D:5)
  8 blink frogs
  9 jumping spiders
  7 culicivoras (Spider:1)
  A vampire (D:8)
  A wyvern (D:8)
  16 yaks
  A basilisk (Lair:1)
  2 steam dragons (D:8)
  14 redbacks
  The ghost of macfelon the Conjurer, an amateur HuCj (D:3)
  3 swamp worms (Lair:2)
  7 water moccasins
  An orc warrior (D:8)
  An ice beast (D:5)
  3 black bears
  2 ogres
  A necrophage (D:5)
  13 wolves
  A kobold brigand (D:6)
  7 bullfrogs
  A gnoll sergeant (D:8)
  4 wights (D:7)
  4 electric eels
  A howler monkey (D:4)
  6 hounds
  A jelly (D:5)
  3 orc priests
  Crazy Yiuf (D:6)
  A centaur skeleton (D:6)
  2 iguanas
  7 orc wizards
  A scorpion zombie (D:5)
  A hound zombie (D:5)
  8 gnolls
  5 adders
  A river rat (D:4)
  5 white imps
  An ufetubus (D:4)
  An adder skeleton (D:4)
  2 worms
  4 dart slugs
  26 orcs
  6 endoplasms
  2 giant cockroaches
  5 goblins
  3 hobgoblins
  7 jackals
  10 kobolds
  4 quokkas
  5 ball pythons
  6 bats
  15 frilled lizards
  8 rats
  2 butterflies (Lair:2)
302 creatures vanquished.

Vanquished Creatures (collateral kills)
  2 redbacks (Spider:1)
  2 wolves (Lair:2)
  3 ballistomycete spores (Spider:1)
7 creatures vanquished.

Vanquished Creatures (others)
  A ball python (D:6)
  675 foxfires
  13 fungi
  39 plants
728 creatures vanquished.

Grand Total: 1037 creatures vanquished

Notes
Turn   | Place    | Note
-------+----------+-------------------------------------------
     0 | D:1      | unlimited1921 the Djinni Fire Elementalist began the quest
                  | for the Orb.
     0 | D:1      | Reached XP level 1. HP: 15/15 MP: 0/0
   329 | D:1      | Reached XP level 2. HP: 14/21 MP: 0/0
   745 | D:1      | Reached skill level 3 in Spellcasting
   831 | D:1      | Reached XP level 3. HP: 24/25 MP: 0/0
   831 | D:1      | Learned a level 1 spell: Magic Dart
  2501 | D:1      | Found a faded altar of an unknown god.
  2797 | D:2      | Found Ithysoh's Weapon Shop.
  2900 | D:2      | Reached XP level 4. HP: 28/31 MP: 0/0
  3146 | D:2      | Found Torr's Magic Scroll Boutique.
  3277 | D:2      | Bought a scroll of identify for 24 gold pieces
  3277 | D:2      | Bought a scroll of identify for 24 gold pieces
  3302 | D:2      | Found a shimmering altar of Xom.
  3322 | D:2      | Found Ixtib Kihy's General Store.
  3438 | D:2      | Reached skill level 1 in Armour
  5554 | D:3      | Reached XP level 5. HP: 14/35 MP: 0/0
  5554 | D:3      | Learned a level 2 spell: Passwall
  5904 | D:3      | Found a large runed translucent door.
  5921 | D:3      | Found a large runed translucent door.
  5933 | D:3      | Noticed macfelon's ghost (amateur HuCj)
  6397 | D:3      | Killed macfelon's ghost
  6398 | D:3      | Reached skill level 4 in Spellcasting
  6398 | D:3      | Reached XP level 6. HP: 29/40 MP: 0/0
  6667 | D:4      | Found a blossoming altar of Fedhas.
  6675 | D:4      | Became a worshipper of Fedhas Madash
  7202 | D:4      | Reached XP level 7. HP: 42/45 MP: 0/0
  7202 | D:4      | Learned a level 2 spell: Static Discharge
  7285 | D:4      | Found Xiurehi's Book Shop.
  7974 | D:5      | Entered Level 5 of the Dungeon
  8146 | D:5      | Reached skill level 5 in Spellcasting
  8217 | D:5      | Reached XP level 8. HP: 39/50 MP: 0/0
  8232 | D:5      | Reached * piety under Fedhas
  8390 | D:5      | Reached skill level 1 in Long Blades
  8661 | D:5      | Noticed Prince Ribbit
  8667 | D:5      | Killed Prince Ribbit
  8668 | D:5      | Reached skill level 6 in Spellcasting
  9746 | D:5      | Noticed Grinder
  9753 | D:5      | Killed Grinder
  9913 | D:5      | Found a large runed translucent door.
  9914 | D:5      | Found a large runed translucent door.
  9917 | D:5      | Noticed turdburglar's ghost (novice HOFi)
 10184 | D:6      | Reached XP level 9. HP: 46/55 MP: 0/0
 10184 | D:6      | Learned a level 3 spell: Confusing Touch
 10337 | D:6      | Noticed Maggie
 10344 | D:6      | Killed Maggie
 10345 | D:6      | Reached skill level 7 in Spellcasting
 10572 | D:6      | Found a runed translucent door.
 10589 | D:6      | Identified the +10 dagger "Qyoxtar" {flame, rElec rF+
                  | Dex-2}
 10604 | D:6      | Reached ** piety under Fedhas
 10722 | D:6      | Noticed Hgog's ghost (amateur DrAE)
 10739 | D:6      | Killed Hgog's ghost
 10740 | D:6      | Reached skill level 8 in Spellcasting
 10941 | D:6      | Found a runed translucent door.
 11397 | D:6      | Found a runed translucent door.
 11398 | D:6      | Noticed Crazy Yiuf
 11403 | D:6      | Killed Crazy Yiuf
 12016 | D:7      | Found a staircase to the Ecumenical Temple.
 12029 | D:7      | Found an opulent altar of Gozag.
 12158 | Temple   | Entered the Ecumenical Temple
 13094 | D:8      | Reached skill level 1 in Throwing
 13094 | D:8      | Reached XP level 10. HP: 29/61 MP: 0/0
 13436 | D:8      | Reached skill level 9 in Spellcasting
 13440 | D:8      | Noticed Maurice
 13444 | D:8      | Reached skill level 1 in Short Blades
 13444 | D:8      | Killed Maurice
 14095 | D:2      | Bought a scroll of fog for 24 gold pieces
 14095 | D:2      | Bought a scroll of enchant weapon for 90 gold pieces
 14095 | D:2      | Bought a scroll of silence for 90 gold pieces
 14095 | D:2      | Bought a scroll of blinking for 90 gold pieces
 14423 | D:8      | Found a staircase to the Lair.
 14437 | D:8      | Reached skill level 1 in Shields
 14669 | D:8      | Reached *** piety under Fedhas
 15431 | Lair:1   | Entered Level 1 of the Lair of Beasts
 15802 | D:8      | Reached skill level 10 in Spellcasting
 16150 | Lair:1   | Noticed a rime drake
 16156 | Lair:1   | Killed a rime drake
 16157 | Lair:1   | Reached skill level 1 in Fighting
 16157 | Lair:1   | Reached XP level 11. HP: 55/67 MP: 0/0
 16157 | Lair:1   | Learned a level 5 spell: Lee's Rapid Deconstruction
 16640 | Lair:1   | Found the +14 obsidian axe {vorpal, Mesm Drain Fly SInv}
 17507 | Lair:2   | Noticed an eight-headed hydra
 17510 | Lair:2   | Reached skill level 11 in Spellcasting
 17530 | Lair:1   | Killed an eight-headed hydra
 18232 | Lair:1   | Reached skill level 1 in Invocations
 19312 | D:5      | Killed turdburglar's ghost
 19798 | D:2      | Bought a potion of might for 56 gold pieces
 21054 | Lair:2   | Reached XP level 12. HP: 42/73 MP: 0/0
 21950 | Lair:2   | Reached skill level 5 in Shields
 22223 | Lair:2   | Reached skill level 12 in Spellcasting
 23044 | Lair:2   | Reached **** piety under Fedhas
 23639 | Lair:2   | Found a hole to the Spider Nest.
 23910 | Lair:2   | Found a staircase to the Swamp.
 24128 | Spider:1 | Entered Level 1 of the Spider Nest
 24145 | Spider:1 | Noticed an entropy weaver
 24150 | Spider:1 | Killed an entropy weaver
 24151 | Spider:1 | Reached skill level 13 in Spellcasting
 24363 | Spider:1 | Reached XP level 13. HP: 28/78 MP: 0/0
 24363 | Spider:1 | Learned a level 5 spell: Iskenderun's Battlesphere
 26098 | Spider:1 | Reached skill level 5 in Invocations
 26422 | Spider:1 | Noticed an entropy weaver
 26425 | Spider:1 | Noticed a boulder beetle
 26439 | Spider:1 | Killed an entropy weaver
 26440 | Spider:1 | Reached skill level 14 in Spellcasting
 27286 | Spider:1 | Noticed an emperor scorpion
 27295 | Spider:1 | Noticed a jorogumo
 27323 | Spider:1 | Killed from afar by a jorogumo

Illustrated notes

Levels and vault maps discovered:
D:1:      dpeg_arrival_three_smaller_balls, layout_basic,
          nicolae_ecumenical_lake_church, minmay_lizard_king
D:2:      layout_basic, basic_altar, serial_shops, shop,
          nicolae_shop_statue_plus, nicolae_lakefront_shop, lemuel_flame_loot_1
D:3:      layout_loops_ring, serial_glass, glass_columns_a, glass_columns_a,
          ebering_ghost_disaster_area, chequers_serial_rivers_room_a
D:4:      layout_cave_pools, mainiacjoe_overflow_concentric_impassable,
          portal_sewer_entry_b, nicolae_wooded_promenade, chequers_arboretum
D:5:      layout_basic, ebering_ghost_disaster_area, kennysheep_pointless_box,
          st_stairs_13, chequers_serial_rivers_room_b, uniq_prince_ribbit1,
          uniq_grinder
D:6:      layout_gridville, ebering_ghost_sewer_f,
          nicolae_ossuary_entry_monument, minivault_19, uniq_crazy_yiuf_cottage,
          uniq_maggie
D:7:      layout_rooms, mainiacjoe_overflow_chevrons, temple_fountains,
          minmay_misc_feat_more_columns, amcnicky_mini_pool_small
D:8:      layout_basic, kiku_gazebo_pond_becter, erik_lair_island, uniq_maurice
Temple:   compressed_dpeg_circular_temple
Lair:1:   layout_chaotic_city, dreamdust_deal_with_the_devil,
          lemuel_old_faithful
Lair:2:   layout_gridlike, nicolae_swamp_entry_splash_gauntlet,
          spider_nest_entry_funnel_web, serial_bayou_pond_e,
          infiniplex_staircase_pool, grunt_megastairs_4, lemuel_fruit_fields,
          serial_bayou_shore_b, serial_bayou_shore_a, lemuel_fruit_tree
Spider:1: layout_spider_delve

Skill      XL: |  1  2  3  4  5  6  7  8  9 10 11 12 13 |
---------------+----------------------------------------+-----
Spellcasting   | 3 4 5 6 8 10 11 13 14 | 14.3
Armour         | 1 2 3 4 |  4.7
Stealth        | 2 3 4 |  4.5
Long Blades    | 1 |  1.6
Dodging        | 3 4 |  4.6
Throwing       | 1 2 3 |  3.4
Short Blades   | 1 |  1.2
Shields        | 2 4 5 |  5.3
Fighting       | 1 3 |  3.0
Invocations    | 2 4 5 |  5.9
Evocations     | |  0.3

Action                   |  1- 3 |  4- 6 |  7- 9 | 10-12 | 13-15 || total
-------------------------+-------+-------+-------+-------+-------++-------
Melee: Short sword       |     4 |     1 |       |       |       ||     5
       Falchion          |       |       |     8 |       |       ||     8
       Dagger            |       |       |     3 |     1 |       ||     4
 Cast: Foxfire           |    69 |    70 |    91 |   147 |    15 ||   392
       Scorch            |       |    19 |    32 |    64 |     9 ||   124
       Inner Flame       |       |     3 |    49 |    56 |    22 ||   130
       Passwall          |       |       |       |     2 |       ||     2
       Lee's Rapid Decon |       |       |       |    45 |    43 ||    88
       Flame Wave        |       |       |       |    12 |     1 ||    13
       Confusing Touch   |       |       |       |     2 |       ||     2
       Iskenderun's Batt |       |       |       |       |     6 ||     6
Invok: Wall of Briars    |       |       |     1 |     6 |    10 ||    17
       Grow Ballistomyce |       |       |       |     1 |     2 ||     3
Evoke: Wand              |       |       |       |       |     2 ||     2
  Use: Scroll            |       |     3 |     5 |     2 |       ||    10
       Potion            |       |       |       |     4 |     2 ||     6
Armor: Leather armour    |    15 |     4 |     3 |       |       ||    22
       Steam dragon scal |       |       |     7 |    24 |     4 ||    35
Dodge: Dodged            |    14 |     7 |    22 |    50 |    11 ||   104
Block: Kite shield       |       |       |       |    40 |    13 ||    53
